PBL
AMERICUS BRAVES @ PALM BEACH NATIONALS
09/05/2048
 
TOP OF THE 1ST
Americus Braves batting - Pitching for Palm Beach Nationals : RHP Faradur Bhutani
Pitching: RHP Faradur Bhutani
Batting: RHB Ryan Cole 0-0: Swinging Strike
0-1: Foul Ball, location: 2F
0-2: Ball
1-2: Strikes out swinging
Batting: RHB Jose Florez 0-0: Called Strike
0-1: Foul Ball, location: 2F
0-2: Foul Ball, location: 2F
0-2: Strikes out looking
Batting: RHB Ricardo Joya 0-0: Foul Ball, location: 2F
0-1: Ball
1-1: Called Strike
1-2: SINGLE (Groundball, 6, EV 98.8 MPH)
Batting: RHB Alex Guerra 0-0: Fielders Choice at 2nd, 5-4 (Groundball, 5, EV 101.2 MPH)
Top of the 1st over - 0 runs, 1 hit, 0 errors, 1 left on base; Americus 0 - Palm Beach 0
BOTTOM OF THE 1ST
Palm Beach Nationals batting - Pitching for Americus Braves : LHP Ji-chol Lee
Pitching: LHP Ji-chol Lee
Batting: RHB Jess Thomas 0-0: Ball
1-0: Ball
2-0: Foul Ball, location: 2F
2-1: Ball
3-1: Base on Balls
Batting: RHB Jason Curry 0-0: Called Strike
0-1: Grounds into double play, 1-6-3 (Groundball, 13S, EV 68.1 MPH)
Batting: RHB Rudolph Lentz 0-0: Called Strike
0-1: Foul Ball, location: 2F
0-2: Ball
1-2: Foul Ball, location: 2F
1-2: Foul Ball, location: 2F
1-2: Ball
2-2: Strikes out looking
Bottom of the 1st over - 0 runs, 0 hits, 0 errors, 0 left on base; Americus 0 - Palm Beach 0
TOP OF THE 2ND
Americus Braves batting - Pitching for Palm Beach Nationals : RHP Faradur Bhutani
Batting: RHB Bill Horne 0-0: Ball
1-0: Ball
2-0: Ball
3-0: Called Strike
3-1: Fly out, F3 (Popup, 34S, EV 76.9 MPH)
Batting: RHB Josh Maxwell 0-0: Ball
1-0: Swinging Strike
1-1: Ball
2-1: Ball
3-1: Base on Balls
Batting: RHB Bart Stevensdick 0-0: Ball
1-0: Called Strike
1-1: Foul Ball, location: 2F
1-2: Strikes out swinging
Batting: RHB Juan Barela 0-0: SINGLE (Line Drive, 4D, EV 95.6 MPH)
Josh Maxwell to second
Runner from 2nd tries for 3rd, OUT! 8-5
Top of the 2nd over - 0 runs, 1 hit, 0 errors, 1 left on base; Americus 0 - Palm Beach 0
BOTTOM OF THE 2ND
Palm Beach Nationals batting - Pitching for Americus Braves : LHP Ji-chol Lee
Batting: RHB Joe Simmelink 0-0: Foul Ball, location: 2F
0-1: Ground out 6-3 (Groundball, 6S, EV 80.6 MPH)
Batting: RHB Kenny Ball 0-0: Called Strike
0-1: Swinging Strike
0-2: Ball
1-2: Foul Ball, location: 2F
1-2: Strikes out swinging
Batting: RHB Ben Lowe 0-0: SINGLE (Groundball, 6MD, EV 103.1 MPH)
Batting: LHB Tony Olvera 0-0: Called Strike
0-1: Ball
1-1: Ball
2-1: Ball
3-1: Base on Balls
Ben Lowe to second
Batting: SHB John Husson 0-0: Ball
1-0: Foul Ball, location: 2F
1-1: Ball
2-1: Called Strike
2-2: Ball
3-2: Base on Balls
Ben Lowe to third
Tony Olvera to second
Batting: RHB Ivan Torres 0-0: Called Strike
0-1: Ball
1-1: Ball
2-1: Ball
3-1: Foul Ball, location: 2F
3-2: Foul Ball, location: 2F
3-2: Ground out 3-1 (Groundball, 34, EV 105.6 MPH)
Bottom of the 2nd over - 0 runs, 1 hit, 0 errors, 3 left on base; Americus 0 - Palm Beach 0
TOP OF THE 3RD
Americus Braves batting - Pitching for Palm Beach Nationals : RHP Faradur Bhutani
Batting: LHB Pappy Sterile 0-0: Ball
1-0: Fly out, F7 (Line Drive, 78M, EV 97.5 MPH)
Batting: RHB Ryan Cole 0-0: Called Strike
0-1: Called Strike
0-2: SINGLE (Flyball, 9LS, EV 93.8 MPH)
Batting: RHB Jose Florez 0-0: 2-RUN HOME RUN (Flyball, 7LD, EV 96.9 MPH), Distance : 360 ft
Batting: RHB Ricardo Joya 0-0: Called Strike
0-1: Called Strike
0-2: Ball
1-2: Strikes out looking
Batting: RHB Alex Guerra 0-0: Called Strike
0-1: Ground out U3 (Groundball, 34, EV 84.4 MPH)
Top of the 3rd over - 2 runs, 2 hits, 0 errors, 0 left on base; Americus 2 - Palm Beach 0
BOTTOM OF THE 3RD
Palm Beach Nationals batting - Pitching for Americus Braves : LHP Ji-chol Lee
Batting: RHB Jess Thomas 0-0: Ball
1-0: Swinging Strike
1-1: Swinging Strike
1-2: Ball
2-2: Foul Ball, location: 2F
2-2: Ball
3-2: Foul Ball, location: 2F
3-2: Base on Balls
Batting: RHB Jason Curry 0-0: Fly out, F9 (Flyball, 9D, EV 108.1 MPH)
Batting: RHB Rudolph Lentz 0-0: Fielders Choice at 2nd, 6-4 (Groundball, 6, EV 81.9 MPH)
Batting: RHB Joe Simmelink 0-0: Ball
1-0: Ball
2-0: Ball
3-0: Base on Balls
Rudolph Lentz to second
Batting: RHB Kenny Ball 0-0: Swinging Strike
0-1: Swinging Strike
0-2: Strikes out swinging
Bottom of the 3rd over - 0 runs, 0 hits, 0 errors, 2 left on base; Americus 2 - Palm Beach 0
TOP OF THE 4TH
Americus Braves batting - Pitching for Palm Beach Nationals : RHP Faradur Bhutani
Batting: RHB Bill Horne 0-0: Ball
1-0: Foul Ball, location: 2F
1-1: Foul Ball, location: 2F
1-2: Strikes out swinging
Batting: RHB Josh Maxwell 0-0: Ball
1-0: Foul Ball, location: 2F
1-1: Swinging Strike
1-2: Foul Ball, location: 2F
1-2: Strikes out swinging
Batting: RHB Bart Stevensdick 0-0: Ball
1-0: Called Strike
1-1: Foul Ball, location: 2F
1-2: Ball
2-2: Strikes out swinging
Top of the 4th over - 0 runs, 0 hits, 0 errors, 0 left on base; Americus 2 - Palm Beach 0
BOTTOM OF THE 4TH
Palm Beach Nationals batting - Pitching for Americus Braves : LHP Ji-chol Lee
Batting: RHB Ben Lowe 0-0: Ball
1-0: Ball
2-0: Called Strike
2-1: Fly out, F8 (Flyball, 8LS, EV 87.5 MPH)
Batting: LHB Tony Olvera 0-0: Called Strike
0-1: Foul Ball, location: 2F
0-2: Ground out 5-3 (Groundball, 56, EV 102.5 MPH)
Batting: SHB John Husson 0-0: Called Strike
0-1: Ball
1-1: Foul Ball, location: 2F
1-2: Ground out 5-3 (Groundball, 56, EV 80.6 MPH)
Bottom of the 4th over - 0 runs, 0 hits, 0 errors, 0 left on base; Americus 2 - Palm Beach 0
TOP OF THE 5TH
Americus Braves batting - Pitching for Palm Beach Nationals : RHP Faradur Bhutani
Batting: RHB Juan Barela 0-0: Swinging Strike
0-1: Swinging Strike
0-2: Ball
1-2: Strikes out swinging
Batting: LHB Pappy Sterile 0-0: Ground out 3-1 (Groundball, 34, EV 86.2 MPH)
Batting: RHB Ryan Cole 0-0: Ball
1-0: Swinging Strike
1-1: Ball
2-1: Fly out, F8 (Flyball, 8RM, EV 90.0 MPH)
Top of the 5th over - 0 runs, 0 hits, 0 errors, 0 left on base; Americus 2 - Palm Beach 0
BOTTOM OF THE 5TH
Palm Beach Nationals batting - Pitching for Americus Braves : LHP Ji-chol Lee
Batting: RHB Ivan Torres 0-0: Ball
1-0: Foul Ball, location: 2F
1-1: Swinging Strike
1-2: Ground out 4-3 (Groundball, 34, EV 86.9 MPH)
Batting: RHB Jess Thomas 0-0: Ball
1-0: Fly out, F8 (Line Drive, 8LM, EV 100.0 MPH)
Batting: RHB Jason Curry 0-0: Reached on error, E6 (Groundball, 6, EV 84.4 MPH)
Batting: RHB Rudolph Lentz 0-0: Foul Ball, location: 2F
0-1: Called Strike
0-2: Strikes out swinging
Bottom of the 5th over - 0 runs, 0 hits, 1 error, 1 left on base; Americus 2 - Palm Beach 0
TOP OF THE 6TH
Americus Braves batting - Pitching for Palm Beach Nationals : RHP Faradur Bhutani
Batting: RHB Jose Florez 0-0: Foul Ball, location: 2F
0-1: Ball
1-1: Swinging Strike
1-2: Strikes out looking
Batting: RHB Ricardo Joya 0-0: Ground out 1-3 (Groundball, 13, EV 71.9 MPH)
Batting: RHB Alex Guerra 0-0: Ball
1-0: Ball
2-0: DOUBLE (Flyball, 78D, EV 95.0 MPH)
Batting: RHB Bill Horne 0-0: Ball
1-0: Swinging Strike
1-1: Ball
2-1: Foul Ball, location: 2F
2-2: Strikes out swinging
Top of the 6th over - 0 runs, 1 hit, 0 errors, 1 left on base; Americus 2 - Palm Beach 0
BOTTOM OF THE 6TH
Palm Beach Nationals batting - Pitching for Americus Braves : LHP Ji-chol Lee
Batting: RHB Joe Simmelink 0-0: Called Strike
0-1: Ball
1-1: Foul Ball, location: 2F
1-2: Strikes out swinging
Batting: RHB Kenny Ball 0-0: Called Strike
0-1: Fly out, F7 (Flyball, 8LM, EV 85.6 MPH)
Batting: RHB Ben Lowe 0-0: Ball
1-0: Called Strike
1-1: Ball
2-1: Swinging Strike
2-2: Strikes out looking
Bottom of the 6th over - 0 runs, 0 hits, 0 errors, 0 left on base; Americus 2 - Palm Beach 0
TOP OF THE 7TH
Americus Braves batting - Pitching for Palm Beach Nationals : RHP Faradur Bhutani
Batting: RHB Josh Maxwell 0-0: Called Strike
0-1: Ground out 5-3 (Groundball, 5S, EV 88.1 MPH)
Batting: RHB Bart Stevensdick 0-0: Called Strike
0-1: Called Strike
0-2: Ball
1-2: Reached via error on a dropped throw from 1B, E1 (Groundball, 34, EV 93.8 MPH)
Pitching: RHP Gabriel Bass
Batting: RHB Juan Barela 0-0: Grounds into double play, 6-4-3 (Groundball, 6, EV 85.0 MPH)
Top of the 7th over - 0 runs, 0 hits, 1 error, 0 left on base; Americus 2 - Palm Beach 0
BOTTOM OF THE 7TH
Palm Beach Nationals batting - Pitching for Americus Braves : LHP Ji-chol Lee
Batting: LHB Tony Olvera 0-0: Called Strike
0-1: Fly out, F8 (Flyball, 89S, EV 88.1 MPH)
Batting: SHB John Husson 0-0: SINGLE (Groundball, 6D, EV 106.9 MPH)
Pinch Hitting: RHB Jon Ortiz 0-0: SINGLE (Line Drive, 4M, EV 94.4 MPH)
John Husson to second
Batting: RHB Jess Thomas 0-0: Called Strike
0-1: Ball
1-1: Called Strike
1-2: Strikes out looking
Batting: RHB Jason Curry 0-0: Foul Ball, location: 2F
0-1: Foul Ball, location: 2F
0-2: Strikes out looking
Bottom of the 7th over - 0 runs, 2 hits, 0 errors, 2 left on base; Americus 2 - Palm Beach 0
TOP OF THE 8TH
Americus Braves batting - Pitching for Palm Beach Nationals : RHP Gabriel Bass
Now at 3B: Alex Gonzalez
Batting: LHB Pappy Sterile 0-0: Called Strike
0-1: Fly out, F8 (Flyball, 8RS, EV 73.1 MPH)
Batting: RHB Ryan Cole 0-0: Ball
1-0: Ball
2-0: Ball
3-0: Base on Balls
Batting: RHB Jose Florez 0-0: Called Strike
0-1: Foul Ball, location: 2F
0-2: Fielders Choice at 2nd, 4-6 (Groundball, 4, EV 87.5 MPH)
Batting: RHB Ricardo Joya 0-0: Called Strike
0-1: Swinging Strike
0-2: Fly out, F7 (Flyball, 7LD, EV 101.9 MPH)
Top of the 8th over - 0 runs, 0 hits, 0 errors, 1 left on base; Americus 2 - Palm Beach 0
BOTTOM OF THE 8TH
Palm Beach Nationals batting - Pitching for Americus Braves : LHP Ji-chol Lee
Pitching: LHP Frank Donegan
Batting: RHB Rudolph Lentz 0-0: Foul Ball, location: 2F
0-1: Ball
1-1: Ball
2-1: Called Strike
2-2: Strikes out swinging
Batting: RHB Joe Simmelink 0-0: Ball
1-0: Fly out, F9 (Line Drive, 89S, EV 91.2 MPH)
Batting: RHB Kenny Ball 0-0: Ball
1-0: Swinging Strike
1-1: Ball
2-1: Ball
3-1: Base on Balls
Batting: RHB Ben Lowe 0-0: Swinging Strike
0-1: Foul Ball, location: 2F
0-2: Strikes out swinging
Bottom of the 8th over - 0 runs, 0 hits, 0 errors, 1 left on base; Americus 2 - Palm Beach 0
TOP OF THE 9TH
Americus Braves batting - Pitching for Palm Beach Nationals : RHP Gabriel Bass
Batting: RHB Alex Guerra 0-0: Ball
1-0: Ball
2-0: Ball
3-0: Called Strike
3-1: Base on Balls
Batting: RHB Scott Hansen 0-0: Ball
1-0: Called Strike
1-1: SINGLE (Groundball, 56D, EV 100.6 MPH)
Alex Guerra to second
Batting: RHB Josh Maxwell 0-0: Swinging Strike
0-1: Swinging Strike
0-2: Ball
1-2: Foul Ball, location: 2F
1-2: Foul Ball, location: 2F
1-2: Strikes out swinging
Batting: RHB Bart Stevensdick 0-0: Called Strike
0-1: Swinging Strike
0-2: Strikes out swinging
Pitching: RHP Yorinobu Matsumoto
Batting: RHB Juan Barela 0-0: Foul Ball, location: 2F
0-1: Ball
1-1: Ball
2-1: Foul Ball, location: 2F
2-2: Ball
3-2: Strikes out swinging
Top of the 9th over - 0 runs, 1 hit, 0 errors, 2 left on base; Americus 2 - Palm Beach 0
BOTTOM OF THE 9TH
Palm Beach Nationals batting - Pitching for Americus Braves : LHP Frank Donegan
Pinch Hitting: RHB Qian Tai 0-0: Called Strike
0-1: Foul Ball, location: 2F
0-2: SINGLE (Line Drive, 89S, EV 93.1 MPH)
Pinch Hitting: RHB Colin Morris 0-0: Foul Ball, location: 2F
0-1: Ball
1-1: Foul Ball, location: 2F
1-2: Strikes out swinging
Pinch Hitting: RHB Akira Ishihara 0-0: Foul Ball, location: 2F
0-1: Swinging Strike
0-2: Strikes out swinging
Batting: RHB Jess Thomas 0-0: Called Strike
0-1: Ball
1-1: Ball
2-1: Swinging Strike
2-2: Fielders Choice at 2nd, 6-4 (Groundball, 6, EV 83.8 MPH)
Bottom of the 9th over - 0 runs, 1 hit, 0 errors, 1 left on base; Americus 2 - Palm Beach 0
Tuesday, March 28th , 2023 - OOTP Baseball 23.10 Build 110